 Dungeon Crawl Stone Soup version 0.22-a0-32-ga749362 (webtiles) character file.

413 shenanigans the Slasher (level 6, -4/49 HPs)
             Began as a Barachi Skald on Jan 3, 2018.
             Was an Initiate of Cheibriados.
             Slain by an ogre
             ... wielding a +0 giant club
              (11 damage)
             ... on level 4 of the Dungeon.
             The game lasted 00:07:09 (4737 turns).

shenanigans the Slasher (Barachi Skald)             Turns: 4737, Time: 00:07:09

Health: -4/49      AC:  5    Str: 14    XL:     6   Next: 90%
Magic:  9/9        EV: 15    Int: 16    God:    Cheibriados [......]
Gold:   210        SH:  0    Dex: 12    Spells: 8/9 levels left

rFire    + . .     SeeInvis .   a - +0 falchion
rCold    . . .     Gourm    .   (no shield)
rNeg     . . .     Faith    .   j - +0 ring mail
rPois    .         Spirit   .   (no helmet)
rElec    .         Reflect  .   (no cloak)
rCorr    .         Harm     .   (no gloves)
MR       .....                  (no boots)
Stlth    +.........             (no amulet)
HPRegen  0.16/turn              r - +3 ring of evasion
MPRegen  0.11/turn              s - ring of protection from fire

@: lethally poisoned (-4 -> -6), very slow
A: +LOS, swims, slowness 1, strong legs 1
a: Hop, Bend Time, Renounce Religion


You were on level 4 of the Dungeon.
You worshipped Cheibriados.
Cheibriados was noncommittal.
You were hungry.

You visited 2 branches of the dungeon, and saw 5 of its levels.

You collected 210 gold pieces.

Inventory:

Hand Weapons
 a - a +0 falchion (weapon)
Missiles
 f - 4 tomahawks (quivered)
Armour
 b - a +0 leather armour
 j - a +0 ring mail (worn)
Jewellery
 r - a +3 ring of evasion (left hand)
 s - a ring of protection from fire (right hand)
Scrolls
 e - a scroll of fear {unknown}
 h - a scroll of immolation {unknown}
 i - 3 scrolls of identify
 k - a scroll of enchant weapon {unknown}
 l - a scroll of blinking {unknown}
 m - 5 scrolls of remove curse {unknown}
 n - 2 scrolls of amnesia {unknown}
 o - a scroll of enchant armour {unknown}
 q - 3 scrolls of teleportation {unknown}
Potions
 g - 2 potions of flight
 p - a potion of curing
Books
 c - a book of Battle

   Spells                             Type                      Level
   a - Infusion                       Charms                       1
   b - Shroud of Golubria             Charms/Translocation         2
   c - Song of Slaying                Charms                       2
   d - Spectral Weapon                Hexes/Charms                 3
   e - Regeneration                   Charms/Necromancy            3
 u - a book of Conjurations

   Spells                             Type                      Level
   a - Magic Dart                     Conjuration                  1
   b - Searing Ray                    Conjuration                  2
   c - Dazzling Spray                 Conjuration/Hexes            3
   d - Fulminant Prism                Conjuration/Hexes            4
   e - Force Lance                    Conjuration/Translocation    4
   f - Iskenderun's Mystic Blast      Conjuration                  4
Comestibles
 d - 12 rations


   Skills:
 + Level 4.7 Fighting
 + Level 4.7 Long Blades
 + Level 4.1 Armour
 + Level 4.2 Dodging
 - Level 2.1 Spellcasting
 - Level 3.2 Charms


You had 8 spell levels left.
You knew the following spells:

 Your Spells              Type           Power        Failure   Level  Hunger
a - Infusion              Chrm           ##..         10%         1    #......


Dungeon Overview and Level Annotations

Branches:
Dungeon (4/15)             Temple (1/1) D:4

Altars:
Ashenzari
Cheibriados
Dithmenos
Elyvilon
Fedhas
Nemelex Xobeh
Okawaru
Ru
Trog
Vehumet
Wu Jian
Xom
Zin
The Shining One


Innate Abilities, Weirdness & Mutations

Shadows flee at your approach. (+LOS)
You can swim through water.
You cover ground slowly.
You can hop short distances.


Message History

* * * LOW HITPOINT WARNING * * *
The adder bites you.
* * * LOW HITPOINT WARNING * * *
You hit the ogre but do no damage.
The ogre is severely wounded.
The adder bites you.
* * * LOW HITPOINT WARNING * * *
You are poisoned.
The adder poisons you! The ogre misses you.
You riposte.
You barely miss the ogre.
The ogre is severely wounded.
You hit the ogre.
The ogre is almost dead.
You feel sick. The adder misses you. The hound barely misses you.
You barely miss the ogre.
The ogre is almost dead.
The adder bites you.
* * * LOW HITPOINT WARNING * * *
The ogre hits you with a giant club!
You die...

......#.### .........
# .......## # #.
.......###.. #.
........... .. ##.##
....... ....##...#
#...# .
.......#.####..###....
....##..h@Oa..........
.......#S####.###.....
....#.....###.# ....
.............# ..
##.......### . #
#.......#
#..###.......#
.............#
.####.......#


You could see an ogre, a hound, a worker ant and an adder.

Vanquished Creatures
  A scorpion (D:4)
  A howler monkey (D:4)
  A jelly (D:4)
  An orc priest (D:3)
  A bullfrog skeleton (D:4)
  2 iguanas (D:4)
  2 gnolls
  9 adders
  An ooze (D:3)
  A worm (D:3)
  2 dart slugs
  6 orcs (D:3)
  3 bats
  5 giant cockroaches
  5 goblins
  7 hobgoblins
  9 jackals
  8 kobolds
  A quokka (D:3)
  2 ball pythons
  6 frilled lizards
  7 rats
81 creatures vanquished.

Notes
Turn   | Place    | Note
-------+----------+-------------------------------------------
     0 | D:1      | shenanigans the Barachi Skald began the quest for the Orb.
     0 | D:1      | Reached XP level 1. HP: 17/17 MP: 3/3
   521 | D:1      | Reached XP level 2. HP: 20/23 MP: 5/5
  1311 | D:2      | Reached XP level 3. HP: 25/29 MP: 1/6
  1759 | D:2      | Reached XP level 4. HP: 35/35 MP: 3/7
  2571 | D:3      | Found a sparkling altar of Nemelex Xobeh.
  2825 | D:3      | Found a shimmering altar of Xom.
  2826 | D:3      | Found a shimmering altar of Xom.
  2827 | D:3      | Found a shimmering altar of Xom.
  2842 | D:3      | Reached XP level 5. HP: 29/41 MP: 8/8
  2870 | D:3      | HP: 2/41 [orc priest/divine providence (16)]
  2886 | D:3      | Found a shimmering altar of Xom.
  2886 | D:3      | Found a shimmering altar of Xom.
  2886 | D:3      | Found a shimmering altar of Xom.
  2887 | D:3      | HP: 1/42 [orc/club (2)]
  3202 | D:3      | Found a shimmering altar of Xom.
  3602 | D:3      | Found a blossoming altar of Fedhas.
  4077 | D:4      | Found a staircase to the Ecumenical Temple.
  4087 | Temple   | Entered the Ecumenical Temple
  4294 | Temple   | Became a worshipper of Cheibriados the Contemplative
  4306 | D:4      | Reached XP level 6. HP: 26/48 MP: 9/9
  4737 | D:4      | Slain by an ogre

Vault maps used:
D:1:      minmay_arrival_three_doors
D:2:      grunt_ministairs_10, amethyst_killhole
D:3:      nicolae_xom_altar_mimics, lemuel_doored_altar, lemuel_round_altar,
          first_ration
D:4:      nicolae_overflow_crystal_walls, minmay_temple_entry_glass,
          minmay_checkerbox
Temple:   minmay_freezing_vapour_temple

Skill      XL: |  1  2  3  4  5  6 |
---------------+-------------------+-----
Fighting       | 3 4 |  4.7
Long Blades    | 3 4 |  4.7
Armour         | 2 3 4 |  4.1
Dodging        | 3 4 |  4.2
Spellcasting   | |  2.1
Charms         | |  3.2

Action                   |  1- 3 |  4- 6 || total
-------------------------+-------+-------++-------
Melee: Falchion          |   105 |   184 ||   289
Throw: Tomahawk          |       |     1 ||     1
 Cast: Infusion          |     3 |     6 ||     9
 Abil: Hop               |       |     2 ||     2
  Use: Scroll            |       |     3 ||     3
       Potion            |       |     2 ||     2
  Eat: Ration            |     1 |       ||     1
       Chunk             |       |    10 ||    10
Armor: Leather armour    |    30 |    17 ||    47
       Ring mail         |       |    13 ||    13
Dodge: Dodged            |    72 |   151 ||   223
       Rpst.: Falchion   |    20 |    56 ||    76

Table legend:
 A = Spawn XP
 B = Non-spawn XP
 C = Spawn XP percentage of total XP
 D = Spawn monster count
 E = Non-spawn monster count
 F = Spawn count percentage of total count
 G = Total turns spent on level
                    A         B        C        D         E        F      G
               +---------+---------+-------+---------+---------+-------+---------
         Total |       0 |     590 |   0.0 |       0 |      81 |   0.0 |  4737
               +---------+---------+-------+---------+---------+-------+---------
           D:1 |       0 |      28 |   0.0 |       0 |      17 |   0.0 |  1306
           D:2 |       0 |     117 |   0.0 |       0 |      28 |   0.0 |  1258
           D:3 |       0 |     152 |   0.0 |       0 |      29 |   0.0 |  1477
           D:4 |       0 |     293 |   0.0 |       0 |       7 |   0.0 |   483
               +---------+---------+-------+---------+---------+-------+---------
